AoeStats
← cisi1982

Arabia

508263080Analyzed
1v1 RM · 11d ago on Sep 21, 2026· 46m 8s· 2 players
Game mode
Random Map
Map size
Tiny (2 player)
Population
200
Speed
Normal
Resources
Standard
Victory
Conquest
Starting age
Dark Age
Ending age
Imperial Age
RankedLock teamsTeams togetherTeam positionsShared explorationLock speedFull tech treeHidden civsTurbo modeCheats
Victory
Defeat
🇨🇿 Turks · Czechia
933
+17
🇬🇧 Burmese · United Kingdom
946
-17
cisi1982
9:38 Feudal Age
7:54 Loom
10:37 Double-Bit Axe
16:41 Horse Collar
19:48 Fletching
22:30 Castle Age
21:50 Padded Archer Armor
22:32 Crossbowman
23:17 Thumb Ring
30:09 Forging
38:49 Imperial Age
39:02 Scale Barding Armor
39:42 Heavy Plow
41:06 Bow Saw
41:34 Ballistics
40:42 Cavalier
42:30 Iron Casting
41:51 Bodkin Arrow
42:11 Leather Archer Armor
42:18 Leather Archer Armor
42:58 Iron Casting
42:52 Bracer
46:18 Ring Archer Armor
46:48 Blast Furnace
45:49 Scale Mail Armor
46:10 Chain Barding Armor
DonphanJoey
7:51 Loom
10:00 Feudal Age
10:51 Horse Collar
24:16 Castle Age
23:39 Stone Mining
23:42 Gold Mining
29:47 Gold Shaft Mining
32:18 Fletching
37:47 Pikeman
41:20 Imperial Age
39:27 Wheelbarrow
38:37 Town Watch
39:46 Squires
39:47 Bodkin Arrow
39:53 Padded Archer Armor
40:06 Forging
39:57 Scale Mail Armor
41:27 Iron Casting
Connection lost

Rejoining the realm…

Still unreachable

The connection could not be restored.

Session expired

The server has moved on; the page needs a fresh start.